| TOP OF THE 1ST |
|
Mississippi Braves batting - Pitching for San Jose Giants : RHP Rich Benoit
|
|
Pitching: RHP Rich Benoit
|
|
|
Batting: LHB Tsutomu Miyahara
|
0-0: Ground out 4-3 (Groundball, 34, EV 83.8 MPH)
|
|
Batting: RHB Luis Revilla
|
0-0: Ball 1-0: Foul Ball, location: 2F 1-1: Ball 2-1: Foul Ball, location: 2F 2-2: Strikes out swinging
|
|
Batting: LHB Chad Persaud
|
0-0: Ball 1-0: Ball 2-0: Foul Ball, location: 2F 2-1: SOLO HOME RUN (Line Drive, 9LD, EV 98.1 MPH), Distance : 379 ft
|
|
Batting: SHB Bob Morales
|
0-0: Ball 1-0: SINGLE (Groundball, 34D, EV 101.2 MPH)
|
|
Batting: RHB Hieronim Rutkowski
|
0-0: Fielders Choice at 2nd, U4 (Groundball, 4M, EV 85.0 MPH)
|
| Top of the 1st over - 1 run, 2 hits, 0 errors, 1 left on base; Mississippi 1 - San Jose 0 |
| BOTTOM OF THE 1ST |
|
San Jose Giants batting - Pitching for Mississippi Braves : RHP Josh Thomas
|
|
Pitching: RHP Josh Thomas
|
|
|
Batting: RHB Bill Defazio
|
0-0: Ball 1-0: Foul Ball, location: 2F 1-1: Foul Ball, location: 2F 1-2: Foul Ball, location: 2F 1-2: Ball 2-2: Ball 3-2: Foul Ball, location: 2F 3-2: Ground out 5-3 (Groundball, 56S, EV 69.4 MPH)
|
|
Batting: RHB Chris King
|
0-0: Called Strike 0-1: Ball 1-1: Foul Ball, location: 2F 1-2: Foul Ball, location: 2F 1-2: SOLO HOME RUN (Flyball, 7LD, EV 99.4 MPH), Distance : 366 ft
|
|
Batting: RHB Sadataka Kuwahara
|
0-0: Foul Ball, location: 2F 0-1: Swinging Strike 0-2: Strikes out swinging
|
|
Batting: LHB Josh Straub
|
0-0: Ground out 6-3 (Groundball, 56D, EV 84.4 MPH)
|
| Bottom of the 1st over - 1 run, 1 hit, 0 errors, 0 left on base; Mississippi 1 - San Jose 1 |
| TOP OF THE 2ND |
|
Mississippi Braves batting - Pitching for San Jose Giants : RHP Rich Benoit
|
|
Batting: LHB Oke Monti
|
0-0: SINGLE (Groundball, 4MD, EV 96.9 MPH)
|
|
Batting: RHB Mike Meeker
|
0-0: Swinging Strike 0-1: Ball 1-1: Fielders Choice at 2nd, 6-4 (Groundball, 6, EV 85.0 MPH)
|
|
Batting: LHB Mike Tenorio
|
0-0: Ball 1-0: SINGLE (Groundball, 6MD, EV 105.6 MPH) Mike Meeker to second Runner from 2nd tries for 3rd, SAFE, throw by CF made to third
|
|
Batting: RHB Alex Velasquez
|
0-0: Called Strike 0-1: Ball 1-1: Swinging Strike 1-2: Strikes out looking
|
|
Batting: LHB Tsutomu Miyahara
|
0-0: Called Strike 0-1: Ball 1-1: Swinging Strike 1-2: Ball 2-2: Ball 3-2: Foul Ball, location: 2F 3-2: Fly out, F9 (Flyball, 9, EV 94.4 MPH)
|
| Top of the 2nd over - 0 runs, 2 hits, 0 errors, 2 left on base; Mississippi 1 - San Jose 1 |
| BOTTOM OF THE 2ND |
|
San Jose Giants batting - Pitching for Mississippi Braves : RHP Josh Thomas
|
|
Batting: RHB Dave Crouch
|
0-0: Ball 1-0: Called Strike 1-1: Ball 2-1: Ball 3-1: Foul Ball, location: 2F 3-2: Foul Ball, location: 2F 3-2: Strikes out swinging
|
|
Batting: LHB Ryan Anderson
|
0-0: Ground out 4-3 (Groundball, 4, EV 89.4 MPH)
|
|
Batting: RHB Dinand Brouwer
|
0-0: Ball 1-0: Ball 2-0: Swinging Strike 2-1: Swinging Strike 2-2: Ball 3-2: Strikes out swinging
|
| Bottom of the 2nd over - 0 runs, 0 hits, 0 errors, 0 left on base; Mississippi 1 - San Jose 1 |
| TOP OF THE 3RD |
|
Mississippi Braves batting - Pitching for San Jose Giants : RHP Rich Benoit
|
|
Batting: RHB Luis Revilla
|
0-0: Swinging Strike 0-1: Foul Ball, location: 2F 0-2: Ground out 4-3 (Groundball, 4, EV 97.5 MPH)
|
|
Batting: LHB Chad Persaud
|
0-0: Ball 1-0: Foul Ball, location: 2F 1-1: SINGLE (Line Drive, 5D, EV 105.6 MPH)
|
|
Batting: SHB Bob Morales
|
0-0: Ball Chad Persaud steals 2nd base 1-0: Foul Ball, location: 2F 1-1: Ground out 4-3 (Groundball, 4, EV 86.2 MPH) Chad Persaud to third
|
|
Batting: RHB Hieronim Rutkowski
|
0-0: Called Strike 0-1: Ball 1-1: Foul Ball, location: 2F 1-2: Ball 2-2: Strikes out swinging
|
| Top of the 3rd over - 0 runs, 1 hit, 0 errors, 1 left on base; Mississippi 1 - San Jose 1 |
| BOTTOM OF THE 3RD |
|
San Jose Giants batting - Pitching for Mississippi Braves : RHP Josh Thomas
|
|
Batting: RHB Josh Lippens
|
0-0: Foul Ball, location: 2F 0-1: Foul Ball, location: 2F 0-2: Strikes out swinging
|
|
Batting: RHB Gabe Ochoa
|
0-0: Foul Ball, location: 2F 0-1: Ball 1-1: Ball 2-1: Foul Ball, location: 2F 2-2: SINGLE (Groundball, 34D, EV 96.2 MPH)
|
|
Batting: RHB Bill Defazio
|
0-0: Ball 1-0: SINGLE (Flyball, 5D, EV 95.0 MPH) Gabe Ochoa to second
|
|
Batting: RHB Chris King
|
0-0: Ball 1-0: Ball 2-0: Called Strike 2-1: Ball 3-1: Swinging Strike 3-2: Reached on error, E3 (Groundball, 34S, EV 85.6 MPH) Gabe Ochoa to third Bill Defazio to second
|
|
Batting: RHB Sadataka Kuwahara
|
0-0: Foul Ball, location: 2F 0-1: Ball 1-1: Fly out, F8 (Line Drive, 8RM, EV 97.5 MPH)
|
|
Batting: LHB Josh Straub
|
0-0: Ball 1-0: Ball 2-0: Called Strike 2-1: Ball 3-1: Called Strike 3-2: Base on Balls Gabe Ochoa scores Bill Defazio to third Chris King to second
|
|
Batting: RHB Dave Crouch
|
0-0: Hit by Pitch Bill Defazio scores Chris King to third Josh Straub to second
|
|
Batting: LHB Ryan Anderson
|
0-0: Foul Ball, location: 2F 0-1: Ball 1-1: Ball 2-1: Ball 3-1: Swinging Strike 3-2: Base on Balls Chris King scores Josh Straub to third Dave Crouch to second
|
|
Batting: RHB Dinand Brouwer
|
0-0: Swinging Strike 0-1: Swinging Strike 0-2: Strikes out swinging
|
| Bottom of the 3rd over - 3 runs, 2 hits, 1 error, 3 left on base; Mississippi 1 - San Jose 4 |
| TOP OF THE 4TH |
|
Mississippi Braves batting - Pitching for San Jose Giants : RHP Rich Benoit
|
|
Batting: LHB Oke Monti
|
0-0: Fly out, F7 (Flyball, 7S, EV 91.2 MPH)
|
|
Batting: RHB Mike Meeker
|
0-0: SINGLE (Line Drive, 6MD, EV 103.8 MPH)
|
|
Batting: LHB Mike Tenorio
|
0-0: Called Strike Mike Meeker steals 2nd base 0-1: Fly out, F7 (Flyball, 78M, EV 86.9 MPH)
|
|
Batting: RHB Alex Velasquez
|
0-0: Foul Ball, location: 2F 0-1: Ball 1-1: Foul Ball, location: 2F 1-2: Strikes out swinging
|
| Top of the 4th over - 0 runs, 1 hit, 0 errors, 1 left on base; Mississippi 1 - San Jose 4 |
| BOTTOM OF THE 4TH |
|
San Jose Giants batting - Pitching for Mississippi Braves : RHP Josh Thomas
|
|
Batting: RHB Josh Lippens
|
0-0: Ball 1-0: Ball 2-0: Ball 3-0: Called Strike 3-1: Ground out 5-3 (Groundball, 5, EV 81.9 MPH)
|
|
Batting: RHB Gabe Ochoa
|
0-0: Fly out, F7 (Flyball, 78D, EV 103.8 MPH)
|
|
Batting: RHB Bill Defazio
|
0-0: Ball 1-0: Ground out 4-3 (Groundball, 4, EV 85.0 MPH)
|
| Bottom of the 4th over - 0 runs, 0 hits, 0 errors, 0 left on base; Mississippi 1 - San Jose 4 |
| TOP OF THE 5TH |
|
Mississippi Braves batting - Pitching for San Jose Giants : RHP Rich Benoit
|
|
Batting: LHB Tsutomu Miyahara
|
0-0: Ball 1-0: Called Strike 1-1: Reached on error, E4 (Groundball, 4, EV 101.2 MPH)
|
|
Batting: RHB Luis Revilla
|
0-0: Ball Tsutomu Miyahara steals 2nd, throwing error, E2 Tsutomu Miyahara to third 1-0: Foul Ball, location: 2F 1-1: Called Strike 1-2: Ball 2-2: Ball 3-2: 2-RUN HOME RUN (Flyball, 7D, EV 95.6 MPH), Distance : 370 ft
|
|
Batting: LHB Chad Persaud
|
0-0: DOUBLE (Line Drive, 89XD, EV 111.9 MPH)
|
|
Batting: SHB Bob Morales
|
0-0: Called Strike 0-1: Foul Ball, location: 2F 0-2: Foul Ball, location: 2F 0-2: Ball 1-2: Ball 2-2: Ball 3-2: Strikes out swinging
|
|
Batting: RHB Hieronim Rutkowski
|
0-0: Called Strike 0-1: Ball 1-1: Fly out, F8 (Flyball, 78M, EV 89.4 MPH)
|
|
Batting: LHB Oke Monti
|
0-0: Ball 1-0: Swinging Strike 1-1: Swinging Strike 1-2: Ball 2-2: Strikes out swinging
|
| Top of the 5th over - 2 runs, 2 hits, 2 errors, 1 left on base; Mississippi 3 - San Jose 4 |
| BOTTOM OF THE 5TH |
|
San Jose Giants batting - Pitching for Mississippi Braves : RHP Josh Thomas
|
|
Batting: RHB Chris King
|
0-0: Called Strike 0-1: Called Strike 0-2: Ball 1-2: Foul Ball, location: 2F 1-2: Hit by Pitch
|
|
Batting: RHB Sadataka Kuwahara
|
0-0: Ball 1-0: Ball 2-0: Ground out 6-3 (Groundball, P, EV 88.1 MPH) Chris King to second
|
|
Batting: LHB Josh Straub
|
0-0: Called Strike 0-1: Ball 1-1: Foul Ball, location: 2F 1-2: Foul Ball, location: 2F 1-2: Strikes out swinging
|
|
Batting: RHB Dave Crouch
|
0-0: Swinging Strike 0-1: Swinging Strike 0-2: Ball 1-2: Ground out 5-3 (Groundball, 56S, EV 90.6 MPH)
|
| Bottom of the 5th over - 0 runs, 0 hits, 0 errors, 1 left on base; Mississippi 3 - San Jose 4 |
| TOP OF THE 6TH |
|
Mississippi Braves batting - Pitching for San Jose Giants : RHP Rich Benoit
|
|
Batting: RHB Mike Meeker
|
0-0: Swinging Strike 0-1: Hit by Pitch
|
|
Batting: LHB Mike Tenorio
|
0-0: Ball 1-0: Ball 2-0: Called Strike 2-1: Ball 3-1: Called Strike 3-2: DOUBLE (Line Drive, 7LM, EV 113.1 MPH) Mike Meeker to third
|
|
Batting: RHB Alex Velasquez
|
0-0: Ball Wild Pitch! Mike Meeker scores Mike Tenorio to third 1-0: Ball 2-0: Ball 3-0: Foul Ball, location: 2F 3-1: Swinging Strike 3-2: Foul Ball, location: 2F 3-2: Base on Balls
|
|
Batting: LHB Tsutomu Miyahara
|
0-0: Ball 1-0: Ball 2-0: Foul Ball, location: 2F 2-1: Called Strike 2-2: Fly out, F8 (Line Drive, 8RM, EV 91.2 MPH)
|
|
Batting: RHB Luis Revilla
|
0-0: Ball 1-0: Foul Ball, location: 2F 1-1: 3-RUN HOME RUN (Flyball, 89XD, EV 100.0 MPH), Distance : 414 ft
|
|
Pitching: LHP Matt Wass
|
|
|
Batting: LHB Chad Persaud
|
0-0: Ball 1-0: Ball 2-0: Called Strike 2-1: Reached on error, E3 (Groundball, 34S, EV 91.9 MPH)
|
|
Batting: SHB Bob Morales
|
0-0: Called Strike 0-1: Ball 1-1: Ball 2-1: Ball Chad Persaud is caught stealing 2nd base 2-4 3-1: Ground out 5-3 (Groundball, 56, EV 102.5 MPH)
|
| Top of the 6th over - 4 runs, 2 hits, 1 error, 0 left on base; Mississippi 7 - San Jose 4 |
| BOTTOM OF THE 6TH |
|
San Jose Giants batting - Pitching for Mississippi Braves : RHP Josh Thomas
|
|
Pitching: RHP Jose Medina
|
|
|
Batting: LHB Ryan Anderson
|
0-0: Ball 1-0: Called Strike 1-1: Ball 2-1: Foul Ball, location: 2F 2-2: Ball 3-2: Base on Balls
|
|
Batting: RHB Dinand Brouwer
|
0-0: Ball Ryan Anderson steals 2nd base 1-0: Foul Ball, location: 2F 1-1: Ball 2-1: Ball 3-1: Base on Balls
|
|
Batting: LHB Jared Paige
|
0-0: Ball 1-0: 3-RUN HOME RUN (Flyball, 7D, EV 95.6 MPH), Distance : 385 ft
|
|
Pitching: RHP Tade Balder
|
|
|
Batting: RHB Gabe Ochoa
|
0-0: Swinging Strike 0-1: Swinging Strike 0-2: Foul Ball, location: 2F 0-2: Strikes out swinging passed ball, reaches first!
|
|
Batting: RHB Bill Defazio
|
0-0: Ball 1-0: Ball 2-0: Foul Ball, location: 2F 2-1: SINGLE (Groundball, 23, EV 70.0 MPH) (infield hit) Gabe Ochoa to second
|
|
Batting: RHB Chris King
|
0-0: Called Strike 0-1: Called Strike 0-2: Strikes out swinging
|
|
Batting: RHB Sadataka Kuwahara
|
0-0: Called Strike 0-1: Ball 1-1: Swinging Strike 1-2: Ball 2-2: Strikes out swinging
|
|
Batting: LHB Josh Straub
|
0-0: Foul Ball, location: 2F 0-1: Foul Ball, location: 2F 0-2: Ball 1-2: Ball 2-2: Strikes out swinging
|
| Bottom of the 6th over - 3 runs, 2 hits, 0 errors, 2 left on base; Mississippi 7 - San Jose 7 |
| TOP OF THE 7TH |
|
Mississippi Braves batting - Pitching for San Jose Giants : LHP Matt Wass
|
|
Batting: RHB Hieronim Rutkowski
|
0-0: Foul Ball, location: 2F 0-1: Ball 1-1: Ball 2-1: Called Strike 2-2: Foul Ball, location: 2F 2-2: Ball 3-2: Base on Balls
|
|
Batting: LHB Oke Monti
|
0-0: Called Strike 0-1: Ball Wild Pitch! Hieronim Rutkowski to second 1-1: Foul Ball, location: 2F 1-2: TRIPLE (Flyball, 89XD, EV 107.5 MPH) Hieronim Rutkowski scores
|
|
Batting: RHB Mike Meeker
|
0-0: Intentional Walk
|
|
Batting: RHB Edgar Castillo
|
0-0: Ball 1-0: Called Strike 1-1: Called Strike 1-2: Strikes out swinging
|
|
Batting: RHB Alex Velasquez
|
0-0: Foul Ball, location: 2F 0-1: Ball 1-1: Fly out, F9 (Flyball, 89M, EV 85.6 MPH)
|
|
Batting: LHB Tsutomu Miyahara
|
0-0: Called Strike 0-1: Ball 1-1: Ground out 5-3 (Groundball, 56S, EV 78.8 MPH)
|
| Top of the 7th over - 1 run, 1 hit, 0 errors, 2 left on base; Mississippi 8 - San Jose 7 |
| BOTTOM OF THE 7TH |
|
San Jose Giants batting - Pitching for Mississippi Braves : RHP Tade Balder
|
|
Pitching: LHP Joey Dover
|
|
|
Now at 1B: Hieronim Rutkowski
|
|
|
Now at 2B: Juan Aguilar
|
|
|
Batting: RHB Dave Crouch
|
0-0: Ball 1-0: Ball 2-0: Called Strike 2-1: Ball 3-1: Base on Balls
|
|
Batting: LHB Ryan Anderson
|
0-0: Called Strike 0-1: Swinging Strike 0-2: Ball 1-2: Foul Ball, location: 2F 1-2: Foul Ball, location: 2F 1-2: Foul Ball, location: 2F 1-2: SINGLE (Line Drive, 6D, EV 94.4 MPH) Dave Crouch to second
|
|
Batting: RHB Dinand Brouwer
|
0-0: Ball 1-0: Called Strike 1-1: Ball 2-1: 3-RUN HOME RUN (Flyball, 7LD, EV 96.9 MPH), Distance : 366 ft
|
|
Pitching: LHP Juan Ramirez
|
|
|
Batting: LHB Jared Paige
|
0-0: Ball 1-0: Called Strike 1-1: Ball 2-1: Foul Ball, location: 2F 2-2: Foul Ball, location: 2F 2-2: Ball 3-2: Foul Ball, location: 2F 3-2: Base on Balls
|
|
Batting: RHB Gabe Ochoa
|
0-0: Ball 1-0: Fly out, F7 (Flyball, 7S, EV 90.6 MPH)
|
|
Batting: RHB Bill Defazio
|
0-0: Called Strike 0-1: Ball 1-1: Ball 2-1: Ball Wild Pitch! Jared Paige to second 3-1: SINGLE (Line Drive, 89S, EV 100.6 MPH) Jared Paige to third Runner from 3rd tries for Home, SAFE, throw by CF to home
|
|
Batting: RHB Chris King
|
0-0: Ball Bill Defazio is caught stealing 2nd base 2-4 1-0: Ball 2-0: Ground out 5-3 (Groundball, 56S, EV 93.8 MPH)
|
| Bottom of the 7th over - 4 runs, 3 hits, 0 errors, 0 left on base; Mississippi 8 - San Jose 11 |
| TOP OF THE 8TH |
|
Mississippi Braves batting - Pitching for San Jose Giants : LHP Matt Wass
|
|
Pitching: LHP Tommy McCusker
|
|
|
Batting: SHB Juan Aguilar
|
0-0: Ball 1-0: Ball 2-0: Fly out, F8 (Flyball, 8LD, EV 102.5 MPH)
|
|
Batting: LHB Chad Persaud
|
0-0: Ball 1-0: Swinging Strike 1-1: Hit by Pitch
|
|
Batting: SHB Bob Morales
|
0-0: SINGLE (Line Drive, 4D, EV 94.4 MPH) Chad Persaud to second
|
|
Batting: RHB Hieronim Rutkowski
|
0-0: Called Strike 0-1: Swinging Strike 0-2: Ball 1-2: Foul Ball, location: 2F 1-2: Ball 2-2: Strikes out looking
|
|
Batting: LHB Oke Monti
|
0-0: Ball 1-0: Swinging Strike 1-1: Ball 2-1: Ball 3-1: Ground out U3 (Groundball, 3, EV 103.1 MPH)
|
| Top of the 8th over - 0 runs, 1 hit, 0 errors, 2 left on base; Mississippi 8 - San Jose 11 |
| BOTTOM OF THE 8TH |
|
San Jose Giants batting - Pitching for Mississippi Braves : LHP Juan Ramirez
|
|
Pitching: RHP Carlos Esquivel
|
|
|
Batting: RHB Sadataka Kuwahara
|
0-0: Ball 1-0: Ball 2-0: Called Strike 2-1: Called Strike 2-2: Foul Ball, location: 2F 2-2: SINGLE (Flyball, 34D, EV 95.0 MPH)
|
|
Batting: LHB Josh Straub
|
0-0: Swinging Strike 0-1: Swinging Strike 0-2: Strikes out swinging
|
|
Batting: RHB Dave Crouch
|
0-0: Ball Pickoff Play to 1st, Runner tries for 2nd, SAFE after rundown. 1-0: SINGLE (Groundball, 56S, EV 71.2 MPH) (infield hit) Sadataka Kuwahara to third
|
|
Batting: LHB Ryan Anderson
|
0-0: Called Strike Dave Crouch steals 2nd base 0-1: Foul Ball, location: 2F 0-2: Strikes out looking
|
|
Batting: RHB Dinand Brouwer
|
0-0: Swinging Strike 0-1: Ball 1-1: Called Strike 1-2: Foul Ball, location: 2F 1-2: Ball 2-2: Strikes out swinging
|
| Bottom of the 8th over - 0 runs, 2 hits, 0 errors, 2 left on base; Mississippi 8 - San Jose 11 |
| TOP OF THE 9TH |
|
Mississippi Braves batting - Pitching for San Jose Giants : LHP Tommy McCusker
|
|
Pitching: RHP Lorenzo Merjil
|
|
|
Batting: RHB Mike Meeker
|
0-0: Swinging Strike 0-1: Ball 1-1: Foul Ball, location: 2F 1-2: Foul Ball, location: 2F 1-2: Ball 2-2: Strikes out looking
|
|
Batting: RHB Edgar Castillo
|
0-0: Ball 1-0: Ball 2-0: Ball 3-0: Base on Balls
|
|
Batting: RHB Alex Velasquez
|
0-0: Foul Ball, location: 2F 0-1: Called Strike 0-2: Ball 1-2: Ball 2-2: Strikes out swinging
|
|
Batting: LHB Tsutomu Miyahara
|
0-0: Ball 1-0: Ball 2-0: Foul Ball, location: 2F 2-1: Ball 3-1: Base on Balls Edgar Castillo to second
|
|
Batting: SHB Juan Aguilar
|
0-0: Called Strike 0-1: Fly out, F7 (Flyball, 78M, EV 68.1 MPH)
|
| Top of the 9th over - 0 runs, 0 hits, 0 errors, 2 left on base; Mississippi 8 - San Jose 11 |
|